 Dungeon Crawl Stone Soup version 0.27.1-2-g3b301248ec (webtiles) character file.

Game seed: 5084189923738799665

56 vvl the Ruffian (level 3, -3/28 HPs)
             Began as a Draconian Transmuter on Sept 27, 2021.
             Slain by a scorpion (7 damage)
             ... on level 2 of the Dungeon.
             The game lasted 00:03:42 (1944 turns).

vvl the Ruffian (Draconian Transmuter)              Turns: 1944, Time: 00:03:42

Health: -3/28      AC:  5    Str: 13    XL:     3   Next: 71%
Magic:  6/6        EV: 12    Int: 13    God:
Gold:   52         SH:  0    Dex: 11    Spells: 5/6 levels left

rFire    . . .     SeeInvis .     - Unarmed
rCold    . . .     Faith    .   (no shield)
rNeg     . . .     Spirit   .   (armour unavailable)
rPois    .         Reflect  .   (helmet currently unavailable)
rElec    .         Harm     .   (no cloak)
rCorr    .         Rampage  .   (no gloves)
Will     .....                  (boots currently unavailable)
Stlth    +.........             (no amulet)
HPRegen  0.09/turn              (no ring)
MPRegen  0.10/turn              (no ring)

@: appendages (expiring)
A: horns 2, talons 2, AC +5, unfitting armour, cold-blooded
a: End Transformation


You were on level 2 of the Dungeon.
You had temporarily grown beastly horns and talons.
You visited 1 branch of the dungeon, and saw 2 of its levels.

You collected 52 gold pieces.

Inventory:

Hand Weapons
 g - a +1 short sword of electrocution
Scrolls
 a - a scroll of acquirement {unknown}
 b - a scroll of fear {unknown}
 c - 2 scrolls of identify {unknown}
 e - a scroll of brand weapon {unknown}
 j - a scroll of amnesia {unknown}
 k - 2 scrolls of teleportation {unknown}
Potions
 d - a potion of might {unknown}
 f - a potion of magic
 h - a potion of invisibility {unknown}
 i - a potion of lignification {unknown}


   Skills:
 + Level 1.5 Fighting
 + Level 2.1 Dodging
 * Level 3.4 Unarmed Combat
 + Level 2.2 Spellcasting
 + Level 1.2 Summonings
 + Level 0.9 Necromancy
 + Level 2.2 Transmutations


You had 5 spell levels left.
You knew the following spells:

 Your Spells              Type           Power      Damage    Failure   Level
a - Beastly Appendage     Tmut           14%        N/A       10%         1

Your spell library contained the following spells:

 Spells                   Type           Power      Damage    Failure   Level
 Wereblood                Tmut           7%         N/A       14%         2
 Spider Form              Tmut/Pois      2%         N/A       43%         3
 Ignite Poison            Fire/Tmut/Pois 3%         N/A       50%         3
 Mephitic Cloud           Conj/Pois/Air  1%         N/A       58%         3
 Ice Form                 Ice/Tmut       4%         N/A       83%         4
 Bolt of Magma            Conj/Fire/Erth 0%         4d4       100%        5


Dungeon Overview and Level Annotations

Branches:
Dungeon (2/15)

Altars:

Shops:
D:2 [


Innate Abilities, Weirdness & Mutations

You have temporarily grown beastly horns and talons.
Your plain brown scales are hard. (AC +5)
You cannot fit into any form of body armour.
You are cold-blooded and may be slowed by cold attacks.


Message History

There are monsters nearby!
There are monsters nearby!
You grow a pair of large bovine horns.
Your feet morph into talons.
You hit the rat.
You kill the rat!
You hit the scorpion.
You tail-slap the scorpion, but do no damage.
The scorpion is lightly wounded.
Your transformation is almost over.
The scorpion stings you.
You are poisoned.
The scorpion poisons you!
You hit the scorpion but do no damage.
You tail-slap the scorpion, but do no damage.
The scorpion is lightly wounded.
You feel sick. The scorpion stings you.
You hit the scorpion.
The scorpion is moderately wounded.
You feel sick. The scorpion misses you.
You closely miss the scorpion. Your headbutt misses the scorpion.
The scorpion is moderately wounded.
You feel sick. The scorpion closely misses you.
You closely miss the scorpion. You claw the scorpion.
You tail-slap the scorpion, but do no damage.
The scorpion is moderately wounded.
You feel sick. The scorpion stings you.
You closely miss the scorpion.
Your tail-slap misses the scorpion.
The scorpion is moderately wounded.
You feel sick. The scorpion closely misses you.
You hit the scorpion.
You claw the scorpion, but do no damage.
You tail-slap the scorpion.
The scorpion is severely wounded.
You feel sick. The scorpion stings you.
* * * LOW HITPOINT WARNING * * *
The scorpion closely misses you.
It was a potion of magic.
Magic courses through your body.
You feel sick.
You are no longer poisoned.
The scorpion stings you!
You die...

#. ##.##.####
..##.###...#.....
#.##.##....<..### # #
###.#...#....##.# . #
#.............###.# #
#.##.##.#...###.# #.###
..............###.... ##
#####.##s####.#.........
..
......†@...##.#..#####.#
## #####.##.#.##.#..#
#.# # #.#.##.#†.# #.#
#.#.......# #.#
#.####.#..# #.# #.#
#.....#####..
..........#......
#.###.....#.###..
##.#..>. #..


You could see a scorpion.

Vanquished Creatures
  An adder (D:2)
  A worm (D:2)
  2 bats (D:2)
  4 endoplasms
  3 giant cockroaches
  3 goblins
  5 hobgoblins
  A quokka (D:1)
  4 ball pythons
  4 frilled lizards
  8 kobolds
  3 rats
39 creatures vanquished.

Notes
Turn   | Place    | Note
-------+----------+-------------------------------------------
     0 | D:1      | vvl the Draconian Transmuter began the quest for the Orb.
     0 | D:1      | Reached XP level 1. HP: 16/16 MP: 3/3
   347 | D:1      | Reached XP level 2. HP: 23/23 MP: 3/5
   890 | D:1      | Found a faded altar of an unknown god.
  1145 | D:1      | Reached skill level 1 in Summonings
  1353 | D:2      | Found Hahud's Armour Shoppe.
  1371 | D:2      | Reached XP level 3. HP: 28/28 MP: 4/6
  1913 | D:2      | Noticed a scorpion
  1944 | D:2      | Slain by a scorpion

Illustrated notes

Levels and vault maps discovered:
D:1:      dpeg_arrival_tiny_a, layout_basic, basic_ecumenical_altar,
          grunt_decor_clamped, bh_walls_and_bars
D:2:      layout_loops_ring, serial_shops, shop

Skill      XL: |  1  2 |
---------------+-------+-----
Dodging        | 2 |  2.1
Summonings     | 1 |  1.2
Fighting       | |  1.5
Unarmed Combat | |  3.4
Spellcasting   | |  2.2
Necromancy     | |  0.9
Transmutations | |  2.2

Action                   || total
-------------------------++-------
Melee: Unarmed           ||   108
       Tailslap          ||    16
       Headbutt          ||    13
       Kick              ||    13
       Punch             ||     2
 Cast: Beastly Appendage ||    27
  Use: Potion            ||     1
Armor: Skin              ||    29
Dodge: Dodged            ||    73
